 Dungeon Sprint DCSS version 0.21.1-1-g345015f (webtiles) character file.

48 equalderp2856 the Shield-Bearer (level 4, -8/45 HPs)
             Began as a Minotaur Fighter on May 3, 2018.
             Mangled by a merfolk
             ... wielding a +0 trident
              (19 damage)
             ... in the Dungeon (Sprint VI: "Thunderdome").
             The game lasted 00:02:10 (352 turns).

equalderp2856 the Shield-Bearer (Minotaur Fighter)   Turns: 352, Time: 00:02:10

Health: -8/45      AC: 12    Str: 20    XL:     4   Next: 64%
Magic:  3/3        EV:  6    Int:  6    God:
Gold:   280        SH: 10    Dex: 10    Spells: 3/3 levels left

rFire    + . .     SeeInvis .   a - +0 war axe
rCold    . . .     Gourm    .   c - +0 shield
rNeg     . . .     Faith    .   e - +2 chain mail {rF+}
rPois    .         Spirit   .   (helmet restricted)
rElec    .         Reflect  .   (no cloak)
rCorr    .         Harm     .   (no gloves)
MR       .....     NoTele   +   (no boots)
Stlth    ..........             (no amulet)
HPRegen  0.15/turn              (no ring)
MPRegen  0.08/turn              (no ring)

@: no status effects
A: retaliatory headbutt, horns 2
a: no special abilities


You were in the Dungeon.
You were not hungry.

You visited 1 branch You collected 280 gold pieces.

Inventory:

Hand Weapons
 a - a +0 war axe (weapon)
Armour
 b - a +0 scale mail
 c - a +0 shield (worn)
 e - a +2 chain mail of fire resistance (worn)
Wands
 m - a wand of acid (5)
 n - a wand of iceblast (5)
Scrolls
 k - 4 scrolls of blinking
 o - 3 scrolls of fog
Potions
 d - a potion of might
 g - 3 potions of heal wounds
 h - 4 potions of haste
 i - 2 potions of magic
 j - a potion of berserk rage
 l - 2 potions of resistance
Comestibles
 f - a ration


   Skills:
 + Level 6.4 Fighting
 + Level 5.7 Axes
 + Level 6.4 Armour
 + Level 0.5 Dodging
 + Level 7.1 Shields


You had 3 spell levels left.
You didn't know any spells.

Dungeon Overview and Level Annotations

Branches:
Dungeon (1/1)

Altars:
Cheibriados
Dithmenos
Fedhas
Gozag
Kikubaaqudgha
Makhleb
Okawaru
Qazlal
Ru
Sif Muna
Trog
Uskayaw
Vehumet
Wu Jian
Xom
Yredelemnul
Zin
The Shining One
Beogh
Jiyva
Lugonu

Shops:
D *[%??*?*:[((!!!!


Innate Abilities, Weirdness & Mutations

You reflexively headbutt those who attack you in melee.
You have a pair of horns on your head.


Message History

You slash the merfolk!
The merfolk is almost dead.
You slash the hippogriff!
The centaur shoots an arrow.
The arrow hits you. You block the hippogriff's attack.
The hippogriff pecks you but does no damage.
You block the hippogriff's attack.
The merfolk hits you but does no damage.
Okay, then.
Your chain mail prevents you from hitting the merfolk.
The merfolk is almost dead.
You slash the hippogriff!
The centaur shoots an arrow.
The arrow closely misses you.
The arrow completely misses the merfolk.
You block the hippogriff's attack.
The hippogriff pecks you but does no damage.
The hippogriff claws you.
* * * LOW HITPOINT WARNING * * *
The centaur shoots an arrow.
You block the arrow. The merfolk hits you with a trident!!
You die...

#.....# ##.....## ##∩.....∩##
#∩.......∩# #_......._#
#_......._# #_...)..._#
###.........### #§.c..@m.((..§#
######.8....H....8.######
##∩.__......###.).....__∩##
###∩........8.# #.8........∩###
##.............###.............#
#⌠..........###...###.....[....⌠
#⌠..........# #.<.# #...)......⌠
#⌠..........###...###..........⌠
##.............###...[.........#


You could see a merfolk, a hippogriff and a centaur.

Vanquished Creatures
  2 orc wizards (D)
  A worker ant (D)
  Terence (D)
  A leopard gecko (D)
  3 orcs (D)
  A goblin (D)
  A kobold (D)
10 creatures vanquished.

Notes
Turn   | Place    | Note
-------+----------+-------------------------------------------
     0 | D        | equalderp2856 the Minotaur Fighter began the quest for the Orb.
     0 | D        | Reached XP level 1. HP: 19/19 MP: 0/0
     4 | D        | Found an ornate altar of the Wu Jian Council.
     5 | D        | Found a burning altar of Makhleb.
     5 | D        | Found a roughly hewn altar of Beogh.
     5 | D        | Round 1.
     6 | D        | Found a radiant altar of Vehumet.
     6 | D        | Found a shadowy altar of Dithmenos.
     7 | D        | Found a bloodstained altar of Trog.
     7 | D        | Found a sacrificial altar of Ru.
     7 | D        | Found Tuynun's Premium Goods.
     7 | D        | Found Kiofijo's Weapon Rack.
     8 | D        | Found Empey's Miscellaneous Merchandise.
     8 | D        | Found Lutwutuann's Basic Armour.
    11 | D        | Found a hide-covered altar of Uskayaw.
    14 | D        | Found an opulent altar of Gozag.
    16 | D        | Found a shimmering altar of Xom.
    18 | D        | Found Ytorirchot's Do-It-Yourself Clinic.
    19 | D        | Found Rogad's Bottled Wisdom.
    19 | D        | Found Utunuhim's Distillery.
    21 | D        | Found an iron altar of Okawaru.
    21 | D        | Found an ancient bone altar of Kikubaaqudgha.
    21 | D        | Found Ewosobon's Distillery.
    22 | D        | Noticed Terence
    40 | D        | Killed Terence
    40 | D        | Reached skill level 5 in Armour
    40 | D        | Reached skill level 5 in Shields
    40 | D        | Reached XP level 2. HP: 5/28 MP: 1/1
    45 | D        | Found a glowing golden altar of the Shining One.
    46 | D        | Found a blossoming altar of Fedhas.
    47 | D        | Found a corrupted altar of Lugonu.
    48 | D        | Found Cug Xenoy's Staff Store.
    49 | D        | Found Agunawel's Must-Have Magic.
    49 | D        | Found Siediec's Magic Scroll Shop.
    51 | D        | Found a snail-covered altar of Cheibriados.
    51 | D        | Found a deep blue altar of Sif Muna.
    51 | D        | Found a basalt altar of Yredelemnul.
    51 | D        | Found Woawuwn's Magic Scroll Shop.
    58 | D        | Reached skill level 5 in Fighting
    58 | D        | Reached XP level 3. HP: 12/36 MP: 2/2
    59 | D        | Arena points: 12 (+12) [x2]
    59 | D        | Reached skill level 6 in Shields
    65 | D        | Found a glowing silver altar of Zin.
    66 | D        | Found a stormy altar of Qazlal.
    68 | D        | Found Luclufy's Delicious Food.
    68 | D        | Found a viscous altar of Jiyva.
    68 | D        | Found Zaqyim's Identification Station.
    69 | D        | Found Heboimes's Jewellery.
    69 | D        | Found Vodwytz's Advanced Armour.
   118 | D        | Round 2.
   134 | D        | Reached skill level 5 in Axes
   134 | D        | Reached XP level 4. HP: 8/44 MP: 3/3
   230 | D        | Reached skill level 7 in Shields
   250 | D        | Arena points: 48 (+36) [x3]
   309 | D        | Round 3.
   335 | D        | Noticed a merfolk
   345 | D        | Noticed a centaur
   345 | D        | Noticed a hippogriff
   352 | D        | Mangled by a merfolk

Skill      XL: |  1  2  3  4 |
---------------+-------------+-----
Fighting       | 4 5 6 |  6.4
Axes           | 3 4 5 |  5.7
Armour         | 5 6 |  6.4
Shields        | 5 6 7 |  7.1
Dodging        | |  0.5

Action                   |  1- 3 |  4- 6 || total
-------------------------+-------+-------++-------
Melee: War axe           |    30 |    24 ||    54
       Headbutt          |     5 |     3 ||     8
  Use: Potion            |     2 |       ||     2
Armor: Scale mail        |     8 |       ||     8
       Chain mail        |     3 |    15 ||    18
Dodge: Dodged            |     6 |     5 ||    11
Block: Shield            |    17 |    14 ||    31
